[Event "ICCopen2017"]
[Site "Internet Chess Club"]
[Date "2017.04.02"]
[Round "4"]
[White "Rluis"]
[Black "frentz"]
[Result "1-0"]
[ICCResult "Black forfeits on time"]
[WhiteElo "1236"]
[BlackElo "1909"]
[Opening "Réti opening"]
[ECO "A05"]
[NIC "QP.11"]
[Time "19:41:33"]
[TimeControl "180+0"]

1. Nf3 Nf6 2. d3 g6 3. g3 Bg7 4. Bg2 O-O 5. Nbd2 d5 6. O-O c5 7. c3 Nc6 8.
Re1 b6 9. e4 Bb7 10. e5 Nd7 11. d4 Re8 12. e6 fxe6 13. Rxe6 Nf8 14. Re1 e5
15. dxe5 Nxe5 16. Nxe5 Rxe5 17. Rxe5 Bxe5 18. Nf3 Bg7 19. Bg5 Qd7 20. Qd2
Ne6 21. Bh6 Rd8 22. Bxg7 Qxg7 23. Re1 Qf6 24. Bh3 Ng7 25. Ng5 d4 26. cxd4
Rxd4 27. Qe3 Qc6 28. f3 h6 29. Ne6 Qxf3 30. Qxf3 Bxf3 31. Nxd4 cxd4 32. Re7
Bc6 33. Rc7 Bb5 34. Rxa7 d3 35. Kf2 Kf8 36. Ra8+ Ke7 37. Ke3 g5 38. Ra7+ Kf6
39. Bf1 Nf5+ 40. Kd2 Nd4 41. Bxd3 Bxd3 42. Kxd3 Ke5 43. Rh7 Ne6 44. Rxh6
Nc5+ 45. Kc4 Ke4 46. Rxb6 Kf5 47. Rb5 Kg4 48. Rxc5 Kh3 49. Rxg5 Kxh2 50. Rg8
Kh3 51. a4 {Black forfeits on time} 1-0

[Event "ICCopen2017"]
[Site "Internet Chess Club"]
[Date "2017.04.02"]
[Round "4"]
[White "CapitanCentella"]
[Black "glokoll"]
[Result "0-1"]
[ICCResult "White resigns"]
[WhiteElo "1741"]
[BlackElo "1566"]
[Opening "Modern defense"]
[ECO "A40"]
[NIC "KI.50"]
[Time "19:42:54"]
[TimeControl "180+0"]

1. d4 g6 2. c4 Bg7 3. Nc3 c5 4. d5 d6 5. e4 Nf6 6. f3 O-O 7. Bg5 e5 8. Qd2
h5 9. Bd3 Nbd7 10. Nge2 a6 11. Ng3 Qe8 12. Nge2 Nh7 13. Bh6 f5 14. Bxg7 Kxg7
15. Qe3 f4 16. Qf2 Qe7 17. g3 g5 18. gxf4 gxf4 19. Rg1+ Kh8 20. O-O-O Ndf6
21. Qh4 Qf7 22. Rg2 Bd7 23. Rdg1 Rg8 24. Bc2 Rxg2 25. Rxg2 Rg8 26. Qf2 Ng5
27. h4 Ngh7 28. Qg1 Rxg2 29. Qxg2 Ng8 30. Na4 b5 31. cxb5 Bxb5 32. Nac3 Qf6
33. Nxb5 axb5 34. Qh2 Ne7 35. Qh3 Nf8 36. Nc3 b4 37. Nb5 Kg7 38. Nc7 Kh6 39.
Ne8 Qf7 40. Nxd6 Qg6 41. Nc4 Qg1+ 42. Bd1 Nfg6 43. Qe6 Qd4 44. b3 Qc3+ 45.
Bc2 Qe1+ 46. Kb2 Qxh4 47. a3 Qg5 48. axb4 cxb4 49. d6 Nc6 50. d7 Nd4 51.
Qxg6+ Kxg6 52. Nxe5+ Kg7 53. Nc4 Qd8 54. Nb6 Qxb6 55. e5 Ne6 56. Bf5 Nd8 57.
e6 Qf2+ 58. Kb1 Qe1+ 59. Kc2 Qc3+ 60. Kd1 Qxb3+ 61. Kd2 Qd5+ 62. Kc2 Qxf5+
63. Kb3 Qxe6+ 64. Kxb4 Qxd7 {White resigns} 0-1

[Event "ICCopen2017"]
[Site "Internet Chess Club"]
[Date "2017.04.02"]
[Round "4"]
[White "rencoroso"]
[Black "chigato"]
[Result "1-0"]
[ICCResult "Black forfeits on time"]
[WhiteElo "1986"]
[BlackElo "1621"]
[Opening "Philidor's defense"]
[ECO "C41"]
[NIC "KP.08"]
[Time "19:43:45"]
[TimeControl "180+0"]

1. e4 e5 2. Nf3 d6 3. d4 Qe7 4. Bc4 h6 5. O-O c6 6. Nc3 Bg4 7. dxe5 dxe5 8.
h3 Bh5 9. Bb3 Nf6 10. Qd3 Nbd7 11. Qe3 g5 12. Ne2 Bg6 13. Ng3 Qb4 14. Bd2
Qb6 15. Qe2 Be7 16. Nf5 Qd8 17. Bc3 Qc7 18. Rad1 Rd8 19. Rd2 g4 20. hxg4
Nxg4 21. Rfd1 Ndf6 22. Rxd8+ Bxd8 23. Nd6+ Kf8 24. Nh4 Be7 25. Ndf5 Bc5 26.
Be1 Be7 27. Nxg6+ fxg6 28. Nxe7 Qxe7 29. a3 Kg7 30. Bb4 Qc7 31. f3 Qb6+ 32.
Kf1 {Black forfeits on time} 1-0

[Event "ICCopen2017"]
[Site "Internet Chess Club"]
[Date "2017.04.02"]
[Round "4"]
[White "Colombiano07"]
[Black "ural"]
[Result "1/2-1/2"]
[ICCResult "Black ran out of time and White has no material to mate"]
[WhiteElo "1913"]
[BlackElo "2323"]
[Opening "Queen's pawn, Mason variation"]
[ECO "D00"]
[NIC "QP.08"]
[Time "19:44:05"]
[TimeControl "180+0"]

1. d4 d5 2. Bf4 e6 3. Nf3 Bd6 4. Bg3 Ne7 5. e3 Nf5 6. Bxd6 Nxd6 7. Bd3 Nd7
8. Nbd2 f5 9. c4 c6 10. O-O O-O 11. Rc1 Ne4 12. b4 Qf6 13. b5 h6 14. a4 a6
15. cxd5 cxd5 16. Rc7 axb5 17. Bxb5 Nb6 18. Ne5 Nd6 19. Nb3 Nxa4 20. Bxa4
Rxa4 21. Nc5 Ra8 22. Ncd7 Bxd7 23. Nxd7 Qe7 24. Nxf8 Qxc7 25. Nxe6 Qf7 26.
Nf4 b5 27. Qb3 Rb8 28. Qxd5 Qxd5 29. Nxd5 b4 30. Rb1 b3 31. Kf1 Nc4 32. Ke2
b2 33. Nc3 Na3 34. Rd1 b1=Q 35. Nxb1 Rxb1 36. Rd3 Nc4 37. Rc3 Rb2+ 38. Kf3
Nd2+ 39. Kf4 Ne4 40. Rc8+ Kh7 41. f3 Nf6 42. Kxf5 Rxg2 43. e4 Rxh2 44. e5
Nd5 45. Rd8 Ne7+ 46. Ke6 Nc6 47. Rd6 Rc2 48. d5 Nd4+ 49. Kd7 Nxf3 50. e6
Ne5+ 51. Ke8 Ng6 52. e7 Re2 53. Rxg6 Kxg6 54. d6 Kf6 55. Kd8 Kf7 56. Kd7 Re1
57. Kc6 Rxe7 58. dxe7 Kxe7 59. Kd5 Kf6 60. Ke4 g5 61. Kf3 h5 62. Kg3 Kf5 63.
Kh3 g4+ 64. Kg3 Kg5 65. Kg2 Kf4 66. Kh2 g3+ 67. Kg2 Kg4 68. Kg1 Kf3 69. Kh1
g2+ 70. Kg1 h4 71. Kh2 Kf2 72. Kh3
{Black ran out of time and White has no material to mate}
1/2-1/2

[Event "ICCopen2017"]
[Site "Internet Chess Club"]
[Date "2017.04.02"]
[Round "4"]
[White "ElMarginal"]
[Black "Almutairih"]
[Result "1-0"]
[ICCResult "Black forfeits on time"]
[WhiteElo "1422"]
[BlackElo "1293"]
[Opening "Robatsch (modern) defense"]
[ECO "B06"]
[NIC "KF.06"]
[Time "19:44:35"]
[TimeControl "180+0"]

1. e4 g6 2. Nf3 Bg7 3. c3 d5 4. d4 dxe4 5. Ne5 Bxe5 6. dxe5 Qxd1+ 7. Kxd1
Nc6 8. Bf4 g5 9. Bg3 h5 10. h3 Bf5 11. Bb5 Bd7 12. Ke2 a6 13. Ba4 Nh6 14.
Nd2 Nf5 15. Nxe4 Nxg3+ 16. fxg3 Nxe5 17. Bxd7+ Nxd7 18. Nxg5 Rg8 19. h4
O-O-O 20. Nxf7 Rxg3 21. Rhg1 Rf8 22. Ng5 Rg4 23. g3 Rf6 24. Raf1 c6 25. Rg2
Rxf1 26. Kxf1 Nf6 27. Ke2 Kd7 28. Kf3 Nd5 29. Rd2 Kc7 30. Ne6+ Kd6 31. Nd4
e5 32. Nf5+ Ke6 33. Nh6 e4+ 34. Kg2 Ne3+ 35. Kf2 Nf5 36. Nxf5 Kxf5 37. Rd7
e3+ 38. Kf3 e2 39. Re7 {Black forfeits on time} 1-0

[Event "ICCopen2017"]
[Site "Internet Chess Club"]
[Date "2017.04.02"]
[Round "5"]
[White "SPARNALIQ"]
[Black "JustinL"]
[Result "1-0"]
[ICCResult "Black checkmated"]
[WhiteElo "3000"]
[BlackElo "2269"]
[Opening "English opening"]
[ECO "A20"]
[NIC "EO.14"]
[Time "19:52:33"]
[TimeControl "180+0"]

1. c4 e5 2. g3 Nf6 3. Bg2 g6 4. Nc3 Bg7 5. Nf3 O-O 6. Nxe5 d6 7. Nf3 Nc6 8.
d3 Re8 9. O-O Bg4 10. h3 Bf5 11. e4 Bd7 12. Re1 a6 13. d4 h5 14. d5 Ne5 15.
Nxe5 dxe5 16. Bg5 Qb8 17. Rc1 Nh7 18. Be3 Qc8 19. Kh2 Bf6 20. c5 Bg5 21. d6
Bxe3 22. Rxe3 Ng5 23. Nd5 Kg7 24. Nxc7 Bxh3 25. Nxe8+ Kf8 26. Nc7 Bxg2 27.
Kxg2 Qh3+ 28. Kg1 Rd8 29. Qd5 Qg4 30. Qxe5 Nh3+ 31. Kg2 h4 32. Qh8#
{Black checkmated}
1-0

[Event "ICCopen2017"]
[Site "Internet Chess Club"]
[Date "2017.04.02"]
[Round "5"]
[White "blackhole1"]
[Black "TorelliMirco"]
[Result "0-1"]
[ICCResult "White checkmated"]
[WhiteElo "1541"]
[BlackElo "1715"]
[Opening "Old Benoni defense"]
[ECO "A43"]
[NIC "OI.09"]
[Time "19:53:08"]
[TimeControl "180+0"]

1. d4 c5 2. c4 cxd4 3. Qxd4 Nc6 4. Qd1 Nf6 5. e3 e6 6. Nf3 d5 7. cxd5 exd5
8. Be2 Be7 9. O-O O-O 10. a3 a5 11. b3 Be6 12. Bb2 Rc8 13. Nc3 Re8 14. Rc1
h6 15. h3 Qd7 16. Nd4 Bxh3 17. gxh3 Qxh3 18. Bf3 Bd6 19. Re1 Bh2+ 20. Kh1
Bg3+ 21. Kg1 Qh2+ 22. Kf1 Qxf2# {White checkmated} 0-1

[Event "ICCopen2017"]
[Site "Internet Chess Club"]
[Date "2017.04.02"]
[Round "5"]
[White "jbow79"]
[Black "YHWH"]
[Result "0-1"]
[ICCResult "White resigns"]
[WhiteElo "929"]
[BlackElo "1537"]
[Opening "Queen's pawn game, Darooha variation "]
[ECO "D02"]
[NIC "QP.06"]
[Time "19:52:53"]
[TimeControl "180+0"]

1. d4 Nf6 2. Nf3 d5 3. g3 Bg4 4. Bg2 Qd7 5. O-O e6 6. Bg5 Ng8 7. Nbd2 c5 8.
dxc5 Bxc5 9. Nb3 Bd6 10. c3 Nc6 11. Nbd4 h6 12. Be3 Nge7 13. Nxc6 Nxc6 14.
Qb3 Rb8 15. Rad1 O-O 16. Rfe1 Na5 17. Qc2 Nc4 18. Bd4 Bf5 19. Qd2 Nxd2
{White resigns}
0-1

[Event "ICCopen2017"]
[Site "Internet Chess Club"]
[Date "2017.04.02"]
[Round "5"]
[White "Radja"]
[Black "RWu"]
[Result "1-0"]
[ICCResult "Black resigns"]
[WhiteElo "2416"]
[BlackElo "1768"]
[Opening "Sicilian: Najdorf, 6.f4"]
[ECO "B93"]
[NIC "SI.12"]
[Time "19:52:16"]
[TimeControl "180+0"]

1. e4 c5 2. Nf3 d6 3. d4 cxd4 4. Nxd4 Nf6 5. Nc3 a6 6. f4 Nc6 7. Nxc6 bxc6
8. e5 dxe5 9. Qxd8+ Kxd8 10. fxe5 Nd5 11. Bd2 Bf5 12. O-O-O Nxc3 13. Bxc3+
Kc7 14. Ba5+ Kb7 15. Bc4 g6 16. Bxf7 Bh6+ 17. Kb1 Rhf8 18. e6 Bg5 19. Rd7+
Kb8 20. Bb6 a5 21. a4 Ra6 22. Bc5 Kc8 23. Rhd1 Bh6 24. h3 {Black resigns}
1-0

[Event "ICCopen2017"]
[Site "Internet Chess Club"]
[Date "2017.04.02"]
[Round "5"]
[White "penguingm1"]
[Black "tigerr"]
[Result "0-1"]
[ICCResult "White resigns"]
[WhiteElo "2841"]
[BlackElo "2299"]
[Opening "Nimzo-Indian: classical, Noa variation"]
[ECO "E34"]
[NIC "NI.23"]
[Time "19:52:19"]
[TimeControl "180+0"]

1. d4 Nf6 2. c4 e6 3. Nc3 Bb4 4. Qc2 d5 5. cxd5 Qxd5 6. Nf3 O-O 7. Bd2 Qf5
8. Qb3 Nc6 9. h3 a5 10. g4 Qg6 11. Nh4 Nxd4 12. Qc4 Qc2 13. Qxd4 Qxb2 14.
Rc1 e5 15. Qe3 Nd5 16. Nd1 Qxc1 {White resigns} 0-1

[Event "ICCopen2017"]
[Site "Internet Chess Club"]
[Date "2017.04.02"]
[Round "5"]
[White "Heian"]
[Black "ziggyalbert"]
[Result "1-0"]
[ICCResult "Black resigns"]
[WhiteElo "1509"]
[BlackElo "1278"]
[Opening "Sicilian defense"]
[ECO "B32"]
[NIC "SI.31"]
[Time "19:53:09"]
[TimeControl "180+0"]

1. e4 c5 2. Nf3 Nc6 3. d4 cxd4 4. c3 dxc3 5. Nxc3 e6 6. Bc4 Bb4 7. O-O a6 8.
Qe1 b5 9. Bb3 Nf6 10. Qe2 O-O 11. e5 Nd5 12. Nxd5 exd5 13. Bxd5 Re8 14. Bf4
Bb7 15. Ng5 Re7 16. Qh5 h6 17. Nxf7 {Black resigns} 1-0

[Event "ICCopen2017"]
[Site "Internet Chess Club"]
[Date "2017.04.02"]
[Round "5"]
[White "Unbeliever"]
[Black "talshirov"]
[Result "0-1"]
[ICCResult "White resigns"]
[WhiteElo "1771"]
[BlackElo "1973"]
[Opening "Sicilian: Richter-Rauzer, Rauzer attack, 7...a6"]
[ECO "B66"]
[NIC "SI.29"]
[Time "19:53:32"]
[TimeControl "180+0"]

1. e4 c5 2. Nf3 d6 3. d4 cxd4 4. Nxd4 Nf6 5. Nc3 Nc6 6. Bg5 e6 7. Qd2 a6 8.
O-O-O h6 9. Bh4 Nxe4 10. Nxe4 Qxh4 11. Nxc6 Qxe4 12. Nd4 Be7 13. Bd3 Qd5 14.
Kb1 O-O 15. Rhe1 Kh8 16. Be4 Qc4 17. h4 Bf6 18. f3 d5 {White resigns} 0-1

[Event "ICCopen2017"]
[Site "Internet Chess Club"]
[Date "2017.04.02"]
[Round "5"]
[White "Ecalevol123"]
[Black "tirandopiezas"]
[Result "0-1"]
[ICCResult "White checkmated"]
[WhiteElo "1709"]
[BlackElo "2017"]
[Opening "Richter-Veresov attack"]
[ECO "D01"]
[NIC "QP.07"]
[Time "19:53:25"]
[TimeControl "180+0"]

1. d4 Nf6 2. Nc3 d5 3. Bg5 Nbd7 4. f3 c6 5. e4 h6 6. Bh4 Qa5 7. e5 Ng8 8. f4
e6 9. Nf3 Ne7 10. Bxe7 Bxe7 11. Bd3 Bb4 12. Qd2 c5 13. a3 cxd4 14. Nxd4 Nc5
15. O-O Bxc3 16. Qxc3 Qxc3 17. bxc3 Bd7 18. Nb5 Ke7 19. Nd6 f5 20. Rab1 b6
21. Rfd1 g5 22. g3 gxf4 23. gxf4 Rhg8+ 24. Kf2 Rg4 25. Kf3 Rag8 26. Bf1 Rg1
27. Be2 R1g2 28. Rh1 Ba4 29. Rbc1 Bc6 30. Nb5 d4# {White checkmated} 0-1

[Event "ICCopen2017"]
[Site "Internet Chess Club"]
[Date "2017.04.02"]
[Round "5"]
[White "Saniser"]
[Black "bhaiju"]
[Result "1-0"]
[ICCResult "Black resigns"]
[WhiteElo "2210"]
[BlackElo "1715"]
[Opening "Sicilian: Nimzovich-Rossolimo attack (without ...d6)"]
[ECO "B30"]
[NIC "SI.31"]
[Time "19:52:50"]
[TimeControl "180+0"]

1. e4 c5 2. Nf3 Nc6 3. Bb5 Qb6 4. Bxc6 Qxc6 5. O-O Qxe4 6. Nc3 Qc6 7. d4 d5
8. dxc5 e6 9. b4 a5 10. Nd4 Qc7 11. Re1 axb4 12. Nxd5 Qxc5 13. Nb5 Bd6 14.
Nxd6+ Qxd6 15. Bf4 Qc6 16. Nc7+ Ke7 17. Nxa8 Nf6 18. Nc7 Rd8 19. Qe2 Rd7 20.
Rad1 Rxc7 21. Bxc7 Qxc7 22. Qd2 Nd5 23. Qxd5 {Black resigns} 1-0

[Event "ICCopen2017"]
[Site "Internet Chess Club"]
[Date "2017.04.02"]
[Round "5"]
[White "JDogRob"]
[Black "thxgg"]
[Result "0-1"]
[ICCResult "White resigns"]
[WhiteElo "951"]
[BlackElo "1820"]
[Opening "French defense"]
[ECO "C00"]
[NIC "FR.01"]
[Time "19:52:23"]
[TimeControl "180+0"]

1. e4 e6 2. Nf3 d5 3. exd5 exd5 4. d4 Nf6 5. Be3 Bg4 6. Be2 Bd6 7. O-O O-O
8. Nc3 Re8 9. Qd3 c6 10. a3 Nbd7 11. b4 a6 12. Rfe1 Nf8 13. Bg5 Ne6 14. Be3
Bh5 15. Nh4 Bxe2 16. Rxe2 Ng4 17. Bd2 Qxh4 18. h3 Nf4 19. Rxe8+ Rxe8 20. Qf3
Nh2 21. g3 Nxf3+ {White resigns} 0-1

[Event "ICCopen2017"]
[Site "Internet Chess Club"]
[Date "2017.04.02"]
[Round "5"]
[White "Koval"]
[Black "JayMarcel"]
[Result "1-0"]
[ICCResult "Black resigns"]
[WhiteElo "1940"]
[BlackElo "1709"]
[Opening "Queen's pawn game"]
[ECO "D00"]
[NIC "QP.07"]
[Time "19:53:13"]
[TimeControl "180+0"]

1. d4 Nf6 2. Nc3 d5 3. f3 c5 4. e4 cxd4 5. Qxd4 Nc6 6. Bb5 a6 7. Bxc6+ bxc6
8. e5 Ng8 9. Na4 e6 10. Be3 Qc7 11. Ne2 Ne7 12. g4 g6 13. h3 Bg7 14. f4 h5
15. Kf2 a5 16. b3 Ba6 17. Nc5 Bxe2 18. Kxe2 Nc8 19. a4 Bf8 20. Raf1 Be7 21.
f5 Bxc5 22. Qxc5 hxg4 23. fxe6 fxe6 24. hxg4 Rxh1 25. Qf8+ {Black resigns}
1-0

[Event "ICCopen2017"]
[Site "Internet Chess Club"]
[Date "2017.04.02"]
[Round "5"]
[White "GregoryHouse"]
[Black "MrBoris"]
[Result "1-0"]
[ICCResult "Black resigns"]
[WhiteElo "1985"]
[BlackElo "1986"]
[Opening "Alekhine's defense: exchange variation"]
[ECO "B02"]
[NIC "AL.08"]
[Time "19:52:25"]
[TimeControl "180+0"]

1. e4 Nf6 2. e5 Nd5 3. c4 Nb6 4. d4 d6 5. exd6 cxd6 6. Nc3 g6 7. Be3 Bg7 8.
Rc1 O-O 9. b3 e5 10. dxe5 dxe5 11. Qxd8 Rxd8 12. Nf3 Nc6 13. Be2 Nd4 14. O-O
Nxe2+ 15. Nxe2 Bg4 16. Nc3 h6 17. Nb5 Rd7 18. h3 Bxf3 19. gxf3 a6 20. Nc3
Nc8 21. Nd5 b5 22. Rfd1 Rb7 23. c5 f5 24. c6 Rf7 25. c7 Bf8 26. Nb6 Nxb6 27.
Bxb6 Rf6 28. Ba5 {Black resigns} 1-0

[Event "ICCopen2017"]
[Site "Internet Chess Club"]
[Date "2017.04.02"]
[Round "5"]
[White "rotyi59"]
[Black "dashingfox"]
[Result "0-1"]
[ICCResult "White resigns"]
[WhiteElo "1570"]
[BlackElo "1885"]
[Opening "Ruy Lopez: exchange variation"]
[ECO "C68"]
[NIC "RL.08"]
[Time "19:52:24"]
[TimeControl "180+0"]

1. e4 e5 2. Nf3 Nc6 3. Bb5 a6 4. Bxc6 dxc6 5. d4 exd4 6. Qxd4 Bg4 7. Qxd8+
Rxd8 8. Be3 Nf6 9. Nbd2 Bxf3 10. gxf3 Bb4 11. c3 Ba5 12. O-O-O Bb6 13. Rhf1
Bxe3 14. fxe3 O-O 15. h3 Rd3 16. Rfe1 Rfd8 17. Re2 Nh5 18. f4 Ng3 19. Rg2
Nxe4 20. Kc2 Nxd2 21. Rdxd2 R3d6 22. e4 f6 23. Rde2 Re8 24. Re3 Kf7 25. Rge2
Rde6 26. c4 c5 27. b3 Rd8 28. a4 Rd4 29. h4 h6 30. Kc3 c6 31. b4 Rd1 32.
bxc5 Rh1 33. Rd2 Rxh4 34. Red3 Rxf4 35. Rd7+ Re7 36. Rxe7+ Kxe7 37. Kd4 Ke6
38. Rg2 g5 39. Rh2 Rh4 40. Rg2 f5 {White resigns} 0-1

[Event "ICCopen2017"]
[Site "Internet Chess Club"]
[Date "2017.04.02"]
[Round "5"]
[White "Shadeath"]
[Black "intermaster"]
[Result "1-0"]
[ICCResult "Black checkmated"]
[WhiteElo "2722"]
[BlackElo "2211"]
[Opening "Old Benoni: Mujannah formation"]
[ECO "A43"]
[NIC "OI.09"]
[Time "19:53:27"]
[TimeControl "180+0"]

1. d4 c5 2. d5 f5 3. c4 Nf6 4. Nc3 g6 5. g3 Bg7 6. Bg2 O-O 7. Nf3 e6 8. O-O
Qe7 9. Bf4 Rd8 10. Bc7 Re8 11. dxe6 dxe6 12. Bd6 Qd8 13. Bxc5 Nbd7 14. Bd6
e5 15. c5 e4 16. Qb3+ Kh8 17. Ng5 Qa5 18. Nf7+ Kg8 19. Nh6+ Kh8 20. Qg8+
Nxg8 21. Nf7# {Black checkmated} 1-0

[Event "ICCopen2017"]
[Site "Internet Chess Club"]
[Date "2017.04.02"]
[Round "5"]
[White "Nightlife"]
[Black "MDRAFE3"]
[Result "0-1"]
[ICCResult "White resigns"]
[WhiteElo "1776"]
[BlackElo "1986"]
[Opening "Sicilian: Smith-Morra gambit"]
[ECO "B21"]
[NIC "SI.48"]
[Time "19:53:32"]
[TimeControl "180+0"]

1. e4 c5 2. d4 cxd4 3. c3 dxc3 4. Nxc3 Nc6 5. Nf3 e6 6. Bc4 Bb4 7. O-O Nge7
8. Bf4 Bxc3 9. bxc3 d5 10. exd5 exd5 11. Bb3 Bg4 12. h3 Bh5 13. g4 Bg6 14.
Ne5 Nxe5 15. Bxe5 O-O 16. h4 h6 17. f4 Be4 18. Qd4 Nc6 19. Qe3 Qxh4 20. g5
hxg5 21. fxg5 Nxe5 {White resigns} 0-1

[Event "ICCopen2017"]
[Site "Internet Chess Club"]
[Date "2017.04.02"]
[Round "5"]
[White "Peaceful-Death"]
[Black "sravanrenjith"]
[Result "0-1"]
[ICCResult "White resigns"]
[WhiteElo "1944"]
[BlackElo "1676"]
[Opening "QGD Slav: 4.Nc3"]
[ECO "D15"]
[NIC "SL.03"]
[Time "19:53:34"]
[TimeControl "180+0"]

1. d4 Nf6 2. Nf3 d5 3. c4 c6 4. Nc3 Bf5 5. cxd5 cxd5 6. Ne5 e6 7. e3 Bd6 8.
Bd3 Bxd3 9. Nxd3 O-O 10. O-O a6 11. f4 Nbd7 12. Ne5 b5 13. a3 Nb6 14. Bd2
Nc4 15. Rb1 Rc8 16. Be1 Nxe3 17. Qf3 Nxf1 18. Kxf1 Qb6 19. Bf2 b4 20. Na4
Qb5+ 21. Kg1 Qxa4 22. f5 Qc2 23. Rf1 Qxf5 24. Qe2 Qe4 25. Qxa6 Bxe5 26. dxe5
Qxe5 27. axb4 Qxb2 28. b5 Rb8 29. b6 Ne4 30. Be3 Qb3 31. Qe2 Nc3 32. Qd3 Qc4
33. Qxc4 dxc4 34. Kf2 Nd5 35. Bc5 Rfc8 36. Bd4 c3 37. Rb1 c2 38. Rc1 Nb4 39.
Ke2 Na2 40. Kd2 Nxc1 41. Kxc1 Rc4 42. Be3 Rd8 43. Bd2 Rxd2 44. Kxd2 c1=Q+
45. Kd3 {White resigns} 0-1

[Event "ICCopen2017"]
[Site "Internet Chess Club"]
[Date "2017.04.02"]
[Round "5"]
[White "iliketal"]
[Black "makingnosense"]
[Result "0-1"]
[ICCResult "White checkmated"]
[WhiteElo "1773"]
[BlackElo "2096"]
[Opening "Anderssen's opening"]
[ECO "A00"]
[NIC "VO.14"]
[Time "19:53:04"]
[TimeControl "180+0"]

1. a3 e5 2. b4 d5 3. Bb2 Bd6 4. e3 Nf6 5. c4 c6 6. Nf3 Qe7 7. d4 e4 8. Nfd2
Ng4 9. g3 h5 10. Nc3 h4 11. gxh4 Nxf2 12. Ne2 Nd3# {White checkmated} 0-1

[Event "ICCopen2017"]
[Site "Internet Chess Club"]
[Date "2017.04.02"]
[Round "5"]
[White "Wilsonpalencia"]
[Black "Colombiano07"]
[Result "1-0"]
[ICCResult "Black resigns"]
[WhiteElo "2527"]
[BlackElo "1912"]
[Opening "Sicilian: accelerated fianchetto, Maróczy bind"]
[ECO "B36"]
[NIC "SI.33"]
[Time "19:53:05"]
[TimeControl "180+0"]

1. e4 c5 2. Nf3 Nc6 3. d4 cxd4 4. Nxd4 g6 5. c4 Nf6 6. Nc3 d6 7. f3 Nxd4 8.
Qxd4 Bg7 9. Be3 O-O 10. Qd2 Be6 11. Rc1 a5 12. Be2 a4 13. O-O Qa5 14. Nd5
Bxd5 15. Qxa5 Rxa5 16. cxd5 Nd7 17. Rc7 Nc5 18. Rxe7 Bxb2 19. Bf4 Bd4+ 20.
Kh1 Rd8 21. Rc7 b5 22. Rb1 Na6 23. Rc6 Bc5 24. Bd2 {Black resigns} 1-0

[Event "ICCopen2017"]
[Site "Internet Chess Club"]
[Date "2017.04.02"]
[Round "5"]
[White "chigato"]
[Black "Salvatore"]
[Result "1-0"]
[ICCResult "Black resigns"]
[WhiteElo "1630"]
[BlackElo "1444"]
[Opening "KP: King's head opening"]
[ECO "A00"]
[Time "19:53:25"]
[TimeControl "180+0"]

1. f3 e5 2. e4 Nf6 3. Bd3 Be7 4. Qe2 O-O 5. c3 c5 6. Bc2 d5 7. d3 d4 8. f4
Bg4 9. Nf3 Nbd7 10. f5 b5 11. O-O a5 12. h3 Bxf3 13. Qxf3 b4 14. c4 a4 15.
Bd1 Kh8 16. Bg5 a3 17. b3 Qc7 18. Nd2 Rfe8 19. Qg3 Bf8 20. Bh4 Ng8 21. Nf3
f6 22. Qf2 Bd6 23. g4 Nh6 24. g5 Nf7 25. g6 Nh6 26. gxh7 Kxh7 27. Nh2 Nf8
28. Ng4 Nxg4 29. hxg4 Kg8 30. g5 Kf7 31. Bh5+ Ke7 32. gxf6+ gxf6 33. Bxe8
Rxe8 34. Kh2 Kd7 35. Rg1 Kc6 36. Bxf6 Qh7+ 37. Kg2 Nd7 38. Bh4 Rg8+ 39. Kf1
Qh5 40. Rxg8 {Black resigns} 1-0

[Event "ICCopen2017"]
[Site "Internet Chess Club"]
[Date "2017.04.02"]
[Round "5"]
[White "beaupre"]
[Black "MeneerMandje"]
[Result "0-1"]
[ICCResult "White checkmated"]
[WhiteElo "1824"]
[BlackElo "1945"]
[Opening "Ruy Lopez: Schliemann defense"]
[ECO "C63"]
[NIC "RL.06"]
[Time "19:53:49"]
[TimeControl "180+0"]

1. e4 e5 2. Nf3 Nc6 3. Bb5 f5 4. d3 fxe4 5. dxe4 Nf6 6. Nc3 Bb4 7. Bg5 Bxc3+
8. bxc3 d6 9. O-O O-O 10. Nh4 h6 11. Bxf6 Qxf6 12. Nf3 Bg4 13. Be2 Kh8 14.
Rb1 b6 15. Qd3 Ne7 16. h3 Be6 17. Nh2 Ng6 18. Bg4 Bxa2 19. Ra1 Be6 20. Ra3
Nf4 21. Qd2 Qg5 22. Nf3 Qg6 23. Bxe6 Qxg2# {White checkmated} 0-1

[Event "ICCopen2017"]
[Site "Internet Chess Club"]
[Date "2017.04.02"]
[Round "5"]
[White "Neurisdr"]
[Black "carbonero1969"]
[Result "1-0"]
[ICCResult "Black resigns"]
[WhiteElo "2889"]
[BlackElo "1794"]
[Opening "Sicilian: Hungarian variation"]
[ECO "B27"]
[NIC "SI.43"]
[Time "19:53:30"]
[TimeControl "180+0"]

1. e4 c5 2. Nf3 g6 3. d4 cxd4 4. Qxd4 Nf6 5. e5 Nc6 6. Qa4 Nd5 7. Qe4 Nc7 8.
Nc3 Bg7 9. Bf4 Ne6 10. Bg3 Qa5 11. O-O-O O-O 12. h4 h5 13. Bc4 Rb8 14. Ng5
Nxg5 15. hxg5 Nxe5 16. Rd5 Qb4 17. Rxe5 e6 18. Rb5 {Black resigns} 1-0

[Event "ICCopen2017"]
[Site "Internet Chess Club"]
[Date "2017.04.02"]
[Round "5"]
[White "simplerxiao"]
[Black "alphajet26"]
[Result "1-0"]
[ICCResult "Black resigns"]
[WhiteElo "1986"]
[BlackElo "1709"]
[Opening "French: Steinitz, Boleslavsky variation"]
[ECO "C11"]
[NIC "FR.04"]
[Time "19:53:26"]
[TimeControl "180+0"]

1. e4 e6 2. d4 d5 3. Nc3 Nf6 4. e5 Nfd7 5. f4 c5 6. Nf3 Nc6 7. Be3 cxd4 8.
Nxd4 Nxd4 9. Bxd4 Bc5 10. Qd2 Qb6 11. O-O-O Bxd4 12. Qxd4 O-O 13. h4 Qxd4
14. Rxd4 Nc5 15. Be2 a6 16. Kb1 Bd7 17. Rhd1 b5 18. Bf3 Rfc8 19. Ne2 Rc7 20.
f5 Rac8 21. Nf4 a5 22. g4 a4 23. a3 Na6 24. R4d2 Rc4 25. fxe6 fxe6 26. Nxd5
exd5 27. Bxd5+ Kf8 28. Bxc4 Bxg4 29. Rf1+ Ke8 30. Bxb5+ Ke7 31. Bxa6 Be6 32.
Bb5 Rc7 33. Bxa4 h6 34. Bb3 Bh3 35. Rf7+ Ke8 36. Rxc7 {Black resigns} 1-0

[Event "ICCopen2017"]
[Site "Internet Chess Club"]
[Date "2017.04.02"]
[Round "5"]
[White "Barbos"]
[Black "Red-white"]
[Result "1/2-1/2"]
[ICCResult "Game drawn by repetition"]
[WhiteElo "2401"]
[BlackElo "2890"]
[Opening "Catalan opening"]
[ECO "E00"]
[NIC "EO.45"]
[Time "19:52:34"]
[TimeControl "180+0"]

1. d4 Nf6 2. c4 e6 3. g3 c5 4. Nf3 cxd4 5. Nxd4 d5 6. Bg2 e5 7. Nf3 d4 8.
O-O Nc6 9. e3 Be7 10. exd4 exd4 11. a3 a5 12. Bf4 O-O 13. Ne5 Qb6 14. Nxc6
bxc6 15. Nd2 Be6 16. Rb1 a4 17. Qc2 Rfd8 18. Ne4 d3 19. Nxf6+ Bxf6 20. Qc1
Rac8 21. c5 Qb3 22. Rd1 Bd5 23. Bd6 Bxg2 24. Kxg2 Qd5+ 25. Kg1 Be5 26. Bxe5
Qxe5 27. Qe3 Qf5 28. Rd2 Rd5 29. Rbd1 Rcd8 30. Qf4 Qxf4 31. gxf4 Kf8 32. Kg2
Ke7 33. Kf3 Kf6 34. Ke4 Re8+ 35. Kf3 Red8 36. Ke4 Re8+ 37. Kf3 Rb8 38. Ke4
Re8+ 39. Kf3 {Game drawn by repetition} 1/2-1/2